 Dungeon Crawl Stone Soup version 0.28.0 (webtiles) character file.

Game seed: 14077561230166142617

3 eskoe the Skirmisher (level 1, 0/18 HPs)
             Began as a Demonspawn Abyssal Knight on Feb 11, 2022.
             Was an Initiate of Lugonu.
             Slain by a ball python (2 damage)
             ... on level 1 of the Dungeon.
             The game lasted 00:00:30 (236 turns).

eskoe the Skirmisher (Demonspawn Abyssal Knight)     Turns: 236, Time: 00:00:30

Health: 0/18       AC:  3    Str: 13    XL:     1   Next: 41%
Magic:  2/2        EV:  8    Int: 11    God:    Lugonu [......]
Gold:   13         SH:  0    Dex: 13    Spells: 0/0 levels left

rFire   . . .      SeeInvis .   a - +1 hand axe
rCold   . . .      Faith    .   (no shield)
rNeg    . . .      Spirit   .   b - +0 leather armour
rPois   .          Reflect  .   (no helmet)
rElec   .          Harm     .   (no cloak)
rCorr   .          Rampage  .   (no gloves)
Will    .....                   (no boots)
Stlth   +.........              (no amulet)
HPRegen 0.06/turn               (no ring)
MPRegen 0.08/turn               (no ring)

@: constricted, very slow
A: no striking features
a: Renounce Religion


You were on level 1 of the Dungeon.
You worshipped Lugonu.
Lugonu was noncommittal.
You visited 1 branch of the dungeon, and saw 1 of its levels.
You visited the Abyss 1 time.

You collected 13 gold pieces.

Inventory:

Hand Weapons
 a - a +1 hand axe (weapon)
Armour
 b - a +0 leather armour (worn)
Scrolls
 c - a scroll of identify {unknown}
Potions
 d - a potion of heal wounds {unknown}


   Skills:
 + Level 3.1 Fighting
 + Level 1.7 Axes
 + Level 1.7 Armour
 + Level 0.8 Dodging
 + Level 2.6 Invocations


You couldn't memorise any spells.
You didn't know any spells.
Your spell library was empty.

Dungeon Overview and Level Annotations

Branches:
Dungeon (1/15)

Altars:


Message History

Moving in this stuff is going to be slow.
A ball python comes into view.
You see here a golden potion.
d - a golden potion You enter the shallow water.
Moving in this stuff is going to be slow.
You hit the ball python.
The ball python is moderately wounded.
The ball python closely misses you. The ball python grabs you.
The ball python constricts you. The ball python bites you.
The ball python constricts you.
Your unstable footing causes you to fumble your attack.
The hobgoblin barely misses you. The ball python bites you.
The ball python constricts you.
Your unstable footing causes you to fumble your attack.
The ball python closely misses you. The ball python constricts you.
The hobgoblin barely misses you.
Your unstable footing causes you to fumble your attack.
The ball python barely misses you. The ball python constricts you.
The hobgoblin closely misses you. The ball python bites you.
The ball python constricts you.
The hobgoblin hits you but does no damage.
Your unstable footing causes you to fumble your attack.
The ball python bites you but does no damage.
The ball python constricts you. The hobgoblin hits you.
The ball python bites you. The ball python constricts you.
You barely miss the ball python. You hit the hobgoblin.
The hobgoblin barely misses you. The ball python bites you.
The ball python constricts you.
Your unstable footing causes you to fumble your attack.
The ball python bites you.
* * * LOW HITPOINT WARNING * * *
The ball python constricts you.
* * * LOW HITPOINT WARNING * * *
The hobgoblin hits you.
* * * LOW HITPOINT WARNING * * *
Your unstable footing causes you to fumble your attack.
The ball python barely misses you. The ball python constricts you.
The hobgoblin barely misses you. The ball python bites you.
You die...

##### #....# #####
#..≈≈.. #.)..
##..≈≈≈≈≈ #....
#..≈≈≈≈≈≈
#....##.≈≈≈≈≈≈≈
#....#gS≈≈≈≈≈≈≈
#......@≈≈#####
#......≈≈##
#.....≈≈≈# ###...≈≈≈#
≈≈≈ ###.≈≈≈#
#≈≈≈≈≈≈≈≈ #..≈≈##
##≈≈≈≈≈≈≈≈
#.....##+##≈≈≈≈≈≈≈≈≈
##..........≈≈≈≈≈≈≈≈≈
#.............≈≈≈≈≈≈#


You could see a hobgoblin and a ball python.

Vanquished Creatures
  A goblin (D:1)
  A hobgoblin (D:1)
  A bat (D:1)
3 creatures vanquished.

Notes
Turn   | Place    | Note
-------+----------+-------------------------------------------
     0 | Abyss:1  | eskoe the Demonspawn Abyssal Knight began the quest for the
                  | Orb.
     0 | Abyss:1  | Reached XP level 1. HP: 18/18 MP: 2/2
     0 | D:1      | Escaped the Abyss
   236 | D:1      | Slain by a ball python

Illustrated notes

Levels and vault maps discovered:
D:1:      minmay_arrival_shoal_huts, layout_rooms,
          dreamdust_ecumenical_altar_statues, hangedman_abyss_or_decor_stabs

Action                   || total
-------------------------++-------
Melee: Hand axe          ||    20
Invok: Depart the Abyss  ||     1
Armor: Leather armour    ||     5
Dodge: Dodged            ||    14
